 Dungeon Crawl Stone Soup version 0.18.1-48-g4cf74bf (webtiles) character file.

185 VorpalKnives the Sneak (level 5, -1/26 HPs)
             Began as a Vine Stalker Assassin on June 18, 2016.
             Slain by a hound (4 damage)
             ... on level 2 of the Dungeon on June 25, 2016.
             The game lasted 00:13:09 (1882 turns).

VorpalKnives the Sneak (Vine Stalker Assassin)      Turns: 1882, Time: 00:13:10

Health: -1/26      AC:  3    Str: 14    XL:     5   Next: 64%
Magic:  0/6        EV: 12    Int: 11    God:
Gold:   93         SH:  0    Dex: 16    Spells: 0 memorised, 4 levels left

rFire  . . .     SeeInvis .     B - +1 dagger (venom)
rCold  . . .     Gourm    .     c - +0 robe
rNeg   . . .     Faith    .     (no shield)
rPois  .         Spirit   +     (no helmet)
rElec  .         Dismiss  .     d - +0 cloak
rCorr  .         Reflect  .     (no gloves)
SustAt .         Harm     .     (no boots)
MR     .....                    (no amulet)
Stlth  ++++......               (no ring)
                                (no ring)

@: not resistant to hostile enchantments, stealthy
A: fangs 2, regeneration 1, magic shield, antimagic bite, no device heal 3, rot
immunity
a: no special abilities


You were on level 2 of the Dungeon.
You were not hungry.

You visited 1 branch of the dungeon, and saw 4 of its levels.

You collected 93 gold pieces.

Inventory:

Hand Weapons
 a - a +2 dagger
 b - a +0 blowgun
 B - a +1 dagger of venom (weapon)
 E - a +0 hand axe
Missiles
 e - 8 poisoned needles
 f - 2 curare-tipped needles
 h - 81 stones (quivered)
 y - 16 sling bullets
Armour
 c - a +0 robe (worn)
 d - a +0 cloak (worn)
 n - a +0 robe
 C - a +0 robe
 F - a +0 leather armour of magic resistance
Jewellery
 j - a cursed -3 ring of dexterity {unknown}
Scrolls
 k - 3 scrolls of identify {unknown}
 r - 4 scrolls of remove curse {unknown}
 s - a scroll of fear {unknown}
 w - a scroll of teleportation {unknown}
 D - a scroll of enchant weapon {unknown}
 G - a scroll of noise {unknown}
Potions
 i - a potion of haste {unknown}
 o - a potion of flight {unknown}
 p - a potion of cancellation
 q - a potion of brilliance {unknown}
 t - a potion of invisibility {unknown}
 v - 2 potions of resistance {unknown}
 z - a potion of ambrosia {unknown}
 A - a potion of lignification {unknown}
Books
 u - a book of Air

   Spells                             Type                      Level
   a - Shock                          Conjuration/Air              1
   b - Swiftness                      Charms/Air                   2
   c - Repel Missiles                 Charms/Air                   2
   d - Static Discharge               Conjuration/Air              3
   e - Lightning Bolt                 Conjuration/Air              5
Comestibles
 g - a bread ration
 l - a beef jerky
 m - 4 fruits
 x - 3 chunks of flesh


   Skills:
 + Level 2.1 Fighting
 + Level 2.2 Short Blades
 + Level 2.0 Throwing
 + Level 1.4 Dodging
 + Level 7.6 Stealth


You had 4 spell levels left.
You didn't know any spells.

Dungeon Overview and Level Annotations

Branches:
Dungeon (4/15)
 Temple: D:4-7

Altars:
Sif Muna


Innate Abilities, Weirdness & Mutations

You have extremely sharp teeth.
Your natural rate of healing is unusually fast.
When hurt, damage is shared between your health and your magic reserves.
Your bite disrupts and absorbs the magic of your enemies.
Potions and wands cannot restore your health.
You are immune to rotting.


Message History

* * * LOW HITPOINT WARNING * * *
You hit the giant cockroach.
You kill the giant cockroach!
The hound completely misses you.
There is a stone staircase leading up here.
The hound bites you but does no damage. The hound barely misses you.
You climb upwards.
There is a stone staircase leading down here.
The hound bites you.
* * * LOW HITPOINT WARNING * * *
Drink which item? (? for menu, Esc to quit)
It was a potion of cancellation.
You feel magically purged. The hound closely misses you.
The hound barely misses you.
You hit the hound.
The hound is poisoned.
Your bite misses the hound.
The hound is moderately wounded.
The hound barely misses you.
You barely miss the hound. Your bite misses the hound.
The hound is moderately wounded.
The hound closely misses you. The hound bites you.
You die...

#.#.#.#.#.#.#....##.#.#
...#...#...#...#.##...#
#.#.#.#.#.#.#..#.###.###
.#...#...#....##.###...#######
#.#.#.#.#.#.#........#..)....##
...#...#...#...#.##########...#
#.#.#.#.#.#.#..#.## #...#
.#...#...#.....h..# #...#
#.#.#.#.#.#.#>##@.#### ###.†##
...#...#...#.###.....####...##
#.#.#.#.#.#..###.....##.....#
####.........(.............##
.##....###...........##.#.##
.#.....# #...##...........#
.....### #...###........###
..#### #.............## ....#
###...###.......###


You could see a hound.

Vanquished Creatures
  Jessica (D:2)
  Ijyb (D:2)
  Natasha (twice) (D:2)
  Terence (D:3)
  A gnoll (D:1)
  An adder (D:2)
  A worm (D:2)
  A dart slug (D:2)
  3 giant geckos
  An orc (D:3)
  3 giant cockroaches
  4 goblins
  4 hobgoblins
  2 jackals (D:1)
  3 kobolds
  A quokka (D:2)
  5 bats
  2 giant newts (D:1)
  5 rats
42 creatures vanquished.

Notes
Turn   | Place    | Note
--------------------------------------------------------------
     0 | D:1      | VorpalKnives the Vine Stalker Assassin began the quest for the Orb.
     0 | D:1      | Reached XP level 1. HP: 11/11 MP: 2/2
   199 | D:1      | Reached skill level 5 in Stealth
   273 | D:1      | Reached XP level 2. HP: 15/15 MP: 3/3
   698 | D:1      | Reached skill level 6 in Stealth
   698 | D:1      | Reached XP level 3. HP: 18/18 MP: 4/4
  1221 | D:2      | Noticed Jessica
  1237 | D:2      | Killed Jessica
  1237 | D:2      | Reached skill level 1 in Dodging
  1237 | D:2      | Reached XP level 4. HP: 16/23 MP: 5/5
  1241 | D:2      | Noticed Ijyb
  1396 | D:2      | Killed Ijyb
  1567 | D:2      | Noticed Natasha
  1579 | D:2      | Killed Natasha
  1579 | D:2      | Reached skill level 7 in Stealth
  1579 | D:2      | Reached XP level 5. HP: 13/26 MP: 4/6
  1594 | D:2      | Upgraded the game from 0.18.1-47-g9310371 to 0.18.1-48-g4cf74bf
  1602 | D:2      | Noticed Natasha
  1616 | D:2      | Killed Natasha
  1749 | D:2      | Found a deep blue altar of Sif Muna.
  1838 | D:3      | Noticed Terence
  1854 | D:3      | Killed Terence
  1882 | D:2      | Slain by a hound

Skill      XL: |  1  2  3  4 |
---------------+-------------+-----
Stealth        | 5 6 7 |  7.6
Short Blades   | 2 |  2.2
Fighting       | 2 |  2.1
Throwing       | 2 |  2.0
Dodging        | 1 |  1.4

Action                   |  1- 3 |  4- 6 || total
-------------------------+-------+-------++-------
Melee: Dagger            |    43 |    48 ||    91
       Bite              |    10 |    18 ||    28
  Use: Potion            |       |     1 ||     1
 Stab: Sleeping          |    13 |     3 ||    16
  Eat: Chunk             |     1 |     2 ||     3
Armor: Robe              |     6 |     9 ||    15
Dodge: Dodged            |    18 |    35 ||    53
